 Dungeon Sprint DCSS version 0.27-a0-1347-gd8886f0a89 (webtiles) character file.

Game seed: 7474122940729151793

1220 mhtbhm the Thaumaturge (level 8, -8/42 HPs)
             Began as a Deep Elf Earth Elementalist on June 27, 2021.
             Was a High Priest of Vehumet.
             Mangled by a phantasmal warrior (37 damage)
             ... in the Dungeon (Sprint VII: "The Pits").
             The game lasted 00:02:19 (1143 turns).

mhtbhm the Thaumaturge (DEEE)                       Turns: 1143, Time: 00:02:19

Health: -8/42      AC:  2    Str:  5    XL:     8   Next: 23%
Magic:  13/28      EV: 14    Int: 23    God:    Vehumet [*****.]
Gold:   0          SH:  0    Dex: 15    Spells: 20/35 levels left

rFire    . . .     SeeInvis .   l - +2 quarterstaff (speed)
rCold    . . .     Faith    .   (shield currently unavailable)
rNeg     . . .     Spirit   .   b - +0 robe
rPois    .         Reflect  .   (no helmet)
rElec    .         Harm     .   (no cloak)
rCorr    .         Rampage  .   (no gloves)
Will     .....     NoTele   +   (no boots)
Stlth    ++++......             (no amulet)
HPRegen  0.14/turn              (no ring)
MPRegen  0.21/turn              (no ring)

@: no status effects
A: no striking features
a: Renounce Religion


You were in the Dungeon.
You worshipped Vehumet.
Vehumet was extremely pleased with you.
You visited 1 branch

Inventory:

Hand Weapons
 l - a +2 quarterstaff of speed (weapon)
Missiles
 i - 24 stones
Armour
 b - a +0 robe (worn)
Scrolls
 h - a scroll of blinking
 j - 5 scrolls of amnesia
 k - a scroll of summoning
Potions
 a - 2 potions of invisibility
 c - 6 potions of curing
 d - 3 potions of heal wounds
 e - a potion of haste
 f - 4 potions of magic
 g - 3 potions of berserk rage


   Skills:
 + Level 0.9 Fighting
 + Level 5.7 Dodging
 + Level 7.3 Stealth
 + Level 14.3 Spellcasting
 + Level 1.1 Transmutations
 + Level 13.5 Earth Magic


You had 20 spell levels left.
You knew the following spells:

 Your Spells              Type           Power      Damage    Failure   Level
a - Sandblast             Erth           100%       2d20      0%          1
b - Passwall              Tmut/Erth      41%        N/A       1%          2
c - Stone Arrow           Conj/Erth      94%        3d12      1%          3
d - Lee's Rapid Deconstr  Erth           34%        3d18*     1%          5
e - Petrify               Tmut/Erth      50%        N/A       1%          4

Your spell library contained the following spells:

 Spells                   Type           Power      Damage    Failure   Level
 Olgreb's Toxic Radiance  Pois           16%        N/A       11%         4


Dungeon Overview and Level Annotations

Branches:
Dungeon (1/1)

Altars:
Ashenzari
Cheibriados
Dithmenos
Elyvilon
Fedhas
Gozag
Hepliaklqana
Kikubaaqudgha
Makhleb
Nemelex Xobeh
Okawaru
Qazlal
Ru
Sif Muna
Trog
Uskayaw
Vehumet
Wu Jian
Xom
Yredelemnul
Zin
The Shining One
Beogh
Jiyva
Lugonu


Message History

An open door.
The stone door frame shatters!
The blast of rock fragments hits the phantasmal warrior!
The phantasmal warrior is lightly damaged.
The blast of rock fragments hits the centaur!!
The centaur is almost dead.
Unknown command.
Unknown command.
Unknown command.
Casting: Lee's Rapid Deconstruction (safe; 1% risk of failure)
Confirm with . or Enter, or press ? or * to list all spells.
Aiming: Lee's Rapid Deconstruction (safe; 1% risk of failure)
Press: ? - help, Dir - move target A metal wall.
The metal wall shatters!
The blast of metal fragments hits the centaur!!
You kill the centaur!
Vehumet accepts your kill.
The blast of metal fragments hits the phantasmal warrior!!
The phantasmal warrior is heavily damaged.
The phantasmal warrior hits you!!
Ouch! That really hurt!
* * * LOW HITPOINT WARNING * * *
Unknown command.
Unknown command.
Unknown command.
You feel much better.
The phantasmal warrior closely misses you.
Unknown command.
Casting: Lee's Rapid Deconstruction (safe; 1% risk of failure)
Confirm with . or Enter, or press ? or * to list all spells.
Aiming: Lee's Rapid Deconstruction (safe; 1% risk of failure)
Press: ? - help, Dir - move target A metal wall.
The metal wall shatters!
The blast of metal fragments hits the phantasmal warrior!
The phantasmal warrior is severely damaged.
The phantasmal warrior hits you!!!
Ouch! That really hurt!
You die...

#.##)####))##.......#
#.#.....#[[##.......#
#.#.....#'###...<...#
#.#........##.......#
#.#........##.......#
#)###########.......#
#.)#.#.##†. #########
#..))...#†#
##.#.#.##@#
#.......#W#
##.#.#.##9'...§+
#.......#'#....#
##.#.#..')#....#
########## ####


You could see a phantasmal warrior and a gargoyle.

Vanquished Creatures
  A hellwing (D)
  Prince Ribbit (D)
  A flying skull (D)
  A floating eye (D)
  An orc warrior (D)
  A necrophage (D)
  A centaur (D)
  A phantom (D)
  2 scorpions (D)
  An iron imp (D)
  A hound (D)
  An adder (D)
  A gnoll (D)
  An adder skeleton (D)
  5 orcs (D)
  An endoplasm (D)
  A goblin (D)
  A hobgoblin (D)
  3 jackals (D)
  2 kobolds (D)
28 creatures vanquished.

Notes
Turn   | Place    | Note
-------+----------+-------------------------------------------
     0 | D        | mhtbhm the Deep Elf Earth Elementalist began the quest for
                  | the Orb.
     0 | D        | Reached XP level 1. HP: 10/10 MP: 6/6
    23 | D        | Found a bloodstained altar of Trog.
    23 | D        | Found a shimmering blue altar of Sif Muna.
    23 | D        | Found a viscous altar of Jiyva.
    23 | D        | Found a hazy altar of Hepliaklqana.
    23 | D        | Found an opulent altar of Gozag.
    24 | D        | Found a glowing golden altar of the Shining One.
    24 | D        | Found a glowing silver altar of Zin.
    24 | D        | Found a basalt altar of Yredelemnul.
    24 | D        | Found a shimmering altar of Xom.
    24 | D        | Found an ornate altar of the Wu Jian Council.
    24 | D        | Found a sacrificial altar of Ru.
    24 | D        | Found a stormy altar of Qazlal.
    24 | D        | Found an iron altar of Okawaru.
    24 | D        | Found a sparkling altar of Nemelex Xobeh.
    24 | D        | Found a burning altar of Makhleb.
    24 | D        | Found a blossoming altar of Fedhas.
    24 | D        | Found a white marble altar of Elyvilon.
    24 | D        | Found a shadowy altar of Dithmenos.
    24 | D        | Found a snail-covered altar of Cheibriados.
    26 | D        | Found a radiant altar of Vehumet.
    26 | D        | Found a corrupted altar of Lugonu.
    27 | D        | Found a hide-covered altar of Uskayaw.
    27 | D        | Found an ancient bone altar of Kikubaaqudgha.
    27 | D        | Found a broken altar of Ashenzari.
    34 | D        | Became a worshipper of Vehumet
   173 | D        | Noticed a floating eye
   278 | D        | Reached * piety under Vehumet
   278 | D        | Offered knowledge of Magic Dart by Vehumet.
   283 | D        | Reached skill level 4 in Spellcasting
   286 | D        | Paralysed by a floating eye for 2 turns
   288 | D        | Killed a floating eye
   288 | D        | Reached ** piety under Vehumet
   289 | D        | Reached skill level 7 in Spellcasting
   289 | D        | Reached XP level 2. HP: 15/15 MP: 4/12
   289 | D        | Reached XP level 3. HP: 19/19 MP: 4/13
   289 | D        | Reached XP level 4. HP: 24/24 MP: 4/15
   526 | D        | Learned a level 2 spell: Passwall
   530 | D        | Learned a level 3 spell: Stone Arrow
   532 | D        | Noticed a scorpion
   534 | D        | Offered knowledge of Searing Ray by Vehumet.
   547 | D        | Killed a scorpion
   548 | D        | Reached skill level 5 in Stealth
   548 | D        | Reached skill level 8 in Spellcasting
   548 | D        | Reached XP level 5. HP: 28/28 MP: 12/18
   550 | D        | Reached *** piety under Vehumet
   551 | D        | Reached skill level 9 in Spellcasting
   558 | D        | Learned a level 5 spell: Lee's Rapid Deconstruction
   563 | D        | Learned a level 4 spell: Petrify
   637 | D        | Noticed a flying skull
   638 | D        | Reached skill level 10 in Earth Magic
   638 | D        | Reached XP level 6. HP: 32/32 MP: 16/20
   638 | D        | Killed a flying skull
   638 | D        | Reached **** piety under Vehumet
   638 | D        | Noticed an orc warrior
   639 | D        | Reached skill level 5 in Dodging
   639 | D        | Reached skill level 11 in Spellcasting
   645 | D        | Killed an orc warrior
   646 | D        | Reached XP level 7. HP: 36/36 MP: 10/24
   647 | D        | Reached ***** piety under Vehumet
   648 | D        | Reached skill level 12 in Spellcasting
   773 | D        | Offered knowledge of Frozen Ramparts by Vehumet.
   796 | D        | Noticed a hellwing
   803 | D        | Killed a hellwing
   804 | D        | Reached skill level 13 in Spellcasting
  1091 | D        | Noticed Prince Ribbit
  1094 | D        | Offered knowledge of Olgreb's Toxic Radiance by Vehumet.
  1095 | D        | Killed Prince Ribbit
  1096 | D        | Reached skill level 14 in Spellcasting
  1096 | D        | Reached XP level 8. HP: 42/42 MP: 19/28
  1138 | D        | Noticed a phantasmal warrior
  1138 | D        | Noticed a gargoyle
  1143 | D        | Mangled by a phantasmal warrior

Illustrated notes

Levels and vault maps discovered:
D:        pitsprint [storerooms_1, entrance_room_1, metal_vault_1, armoury_3,
          mini_pit_1, grid_room_1, main_hall_1, silver_pit, the_coven_2,
          the_vestibule_1, steel_vault_1, golden_pit, hallway_of_sentries,
          crystal_vault_1, iron_vault_2, final_vault]

Skill      XL: |  1  2  3  4  5  6  7 |
---------------+----------------------+-----
Earth Magic    | 7 9 10 11 13 | 13.5
Stealth        | 4 5 6 7 |  7.3
Spellcasting   | 7 8 9 11 14 | 14.3
Dodging        | 3 4 5 |  5.7
Fighting       | |  0.9
Transmutations | |  1.1

Action                   |  1- 3 |  4- 6 |  7- 9 || total
-------------------------+-------+-------+-------++-------
 Cast: Sandblast         |    10 |     6 |       ||    16
       Stone Arrow       |       |     2 |       ||     2
       Lee's Rapid Decon |       |     3 |    13 ||    16
  Use: Potion            |       |       |     3 ||     3
Dodge: Dodged            |     1 |     2 |    12 ||    15

Table legend: (Time is in decaauts)
 A = Elapsed time spent in this place.
 B = Non-inter-level travel time spent in this place.
 C = Inter-level travel time spent in this place.
 D = Time resting spent in this place.
 E = Time spent auto-exploring this place.
 F = Levels seen in this place.
 G = Mean time per level.
                   A        B        C        D        E       F      G
               +--------+--------+--------+--------+--------+-----+--------+
         Total |   1142 |   1142 |      0 |    887 |     43 |   1 | 1142.0 |
       Dungeon |   1142 |   1142 |      0 |    887 |     43 |   1 | 1142.0 |
               +--------+--------+--------+--------+--------+-----+--------+

Top non-repeatable levels by time:
       D: 1142 daAuts
